AoeStats
← 烏雲中

Fortress

507926431Analyzed
2v2 RM · 12d ago on Sep 20, 2026· 36m 43s· 4 players
Game mode
Random Map
Map size
Normal (6 player)
Population
200
Speed
Normal
Resources
Standard
Victory
Conquest
Starting age
Dark Age
Ending age
Imperial Age
RankedLock teamsTeams togetherTeam positionsShared explorationLock speedFull tech treeHidden civsTurbo modeCheats
Victory
Defeat
🇨🇳 Slavs · China
1499
+12
🇨🇳 Franks · China
1437
+14
🇹🇼 Bohemians · Taiwan
1530
-18
🇹🇼 Ethiopians · Taiwan
1265
-8
神明
7:18 Feudal Age
11:54 Castle Age
10:03 Double-Bit Axe
12:25 Loom
13:19 Bow Saw
14:31 Wheelbarrow
22:57 Gold Mining
26:20 Imperial Age
24:11 Scale Barding Armor
24:08 Light Cavalry
24:50 Husbandry
24:37 Town Watch
25:36 Chain Barding Armor
25:27 Forging
27:00 Chivalry
27:22 Conscription
26:24 Cavalier
28:59 Gold Shaft Mining
28:44 Hand Cart
28:06 Paladin
28:09 Man-at-Arms
28:34 Gambesons
28:48 Long Swordsman
29:30 Squires
29:23 Two-Handed Swordsman
30:08 Scale Mail Armor
30:45 Plate Barding Armor
30:45 Iron Casting
30:26 Champion
31:47 Devotion
32:34 Chain Mail Armor
34:14 Chemistry
35:44 Plate Mail Armor
36:15 Blast Furnace
郁离
6:39 Feudal Age
7:59 Double-Bit Axe
11:39 Castle Age
10:04 Horse Collar
12:40 Bow Saw
13:23 Wheelbarrow
18:23 Gold Mining
21:22 Loom
22:38 Scale Barding Armor
23:13 Hand Cart
23:17 Detinets
24:57 Chain Barding Armor
27:56 Imperial Age
25:54 Town Watch
26:17 Heavy Plow
26:35 Forging
27:59 Iron Casting
27:13 Pikeman
27:53 Squires
27:16 Man-at-Arms
28:09 Stone Mining
29:18 Plate Barding Armor
29:43 Blast Furnace
28:04 Long Swordsman
29:16 Conscription
28:55 Two-Handed Swordsman
29:37 Squires
29:39 Druzhina
29:02 Elite Boyar
29:43 Champion
30:28 Scale Mail Armor
32:34 Capped Ram
33:38 Chain Mail Armor
34:00 Siege Ram
36:52 Plate Mail Armor
37:40 Two-Man Saw
高德納
7:21 Feudal Age
11:21 Castle Age
9:43 Double-Bit Axe
9:55 Horse Collar
11:29 Loom
12:25 Bow Saw
13:22 Fervor
14:41 Sanctity
16:18 Wheelbarrow
18:24 Hand Cart
18:53 Town Watch
20:00 Heavy Plow
25:43 Imperial Age
24:11 Redemption
25:37 Chemistry
24:17 Pikeman
25:38 Town Patrol
26:04 Wagenburg Tactics
26:10 Treadmill Crane
26:59 Block Printing
27:14 Illumination
27:11 Scale Mail Armor
27:09 Halberdier
28:22 Chain Mail Armor
30:08 Conscription
31:40 Theocracy
33:18 Fletching
34:37 Coinage
33:50 Houfnice
烏雲中
7:21 Feudal Age
11:33 Castle Age
9:37 Scale Mail Armor
9:56 Double-Bit Axe
9:57 Horse Collar
12:12 Forging
15:10 Chain Mail Armor
18:43 Iron Casting
21:13 Loom
22:05 Wheelbarrow
21:27 Gold Mining
22:27 Bow Saw
23:56 Fletching
25:47 Squires
30:52 Imperial Age
29:01 Arson
32:06 Plate Mail Armor
32:37 Blast Furnace
31:24 Halberdier
35:49 Crossbowman
Connection lost

Rejoining the realm…

Still unreachable

The connection could not be restored.

Session expired

The server has moved on; the page needs a fresh start.